 Dungeon Crawl Stone Soup version 0.17.0-18-gaab0e96 (webtiles) character file.

10572 TruthSerum the Grappler (level 11, -8/163 HPs)
             Began as a Troll Monk on Nov 12, 2015.
             Was a High Priest of Qazlal.
             Mangled by a 16-headed hydra (10 damage)
             ... on level 11 of the Dungeon.
             The game lasted 00:34:12 (8543 turns).

TruthSerum the Grappler (Troll Monk)                Turns: 8543, Time: 00:34:13

Health: -8/163     AC: 20    Str: 26    XL:     11   Next: 37%
Magic:  13/13      EV: 13    Int: 10    God:    Qazlal [*****.]
Gold:   291        SH: 26    Dex: 21    Spells: 0 memorised, 10 levels left

rFire  . . .     SeeInvis .       - Unarmed
rCold  + + .     Rnd*Rage +     l - +2 robe {rC+}
rNeg   + . .     SustAt   .     x - +3 large shield {AC+3}
rPois  .         Gourm    +     (helmet restricted)
rElec  .         Spirit   .     H - +2 cloak of the Hanged Man {+Fly Dex+6}
rCorr  .         Warding  .     (gloves unavailable)
rMut   .         Stasis   .     (boots unavailable)
MR     .....                    (no amulet)
Stlth  ..........               B - ring of Paodoagg {+Inv +Fly rC+ Int+2}
                                s - ring of positive energy

@: berserking (expiring), protected from physical damage, repel missiles, very
quick, not resistant to hostile enchantments, extremely unstealthy
A: unfitting armour, antennae 1, claws 3, iridescent scales 1, berserk 1, blurry
vision 1, clever 1, fast metabolism 3, gourmand, regeneration 2, shaggy fur 1,
tough skin 2
a: Upheaval, Elemental Force, Disaster Area, Renounce Religion, Evoke
Invisibility, Evoke Flight


You were on level 11 of the Dungeon.
You worshipped Qazlal.
Qazlal was extremely pleased with you.
You were full.

You visited 2 branches of the dungeon, and saw 12 of its levels.
You also visited: Sewer.

You collected 417 gold pieces.
You spent 126 gold pieces at shops.

Inventory:

Armour
 l - a +2 robe of cold resistance (worn)
 x - a +3 large shield of protection (worn)
 H - the +2 cloak of the Hanged Man (worn) {+Fly Dex+6}
   (You acquired it on level 8 of the Dungeon)

   It affects your dexterity (+6).
   It lets you fly.
Jewellery
 h - an uncursed ring of ice
 s - a ring of positive energy (left claw)
 B - the ring of Paodoagg (right claw) {+Inv +Fly rC+ Int+2}
   (You found it on level 6 of the Dungeon)

   [ring of invisibility]

   It affects your intelligence (+2).
   It protects you from cold.
   It lets you turn invisible.
   It lets you fly.
Wands
 g - a wand of draining (3)
 o - a wand of frost (48)
 p - a wand of teleportation (4)
 y - a wand of frost (12)
 z - a wand of fire (10)
 G - a wand of paralysis (14)
Scrolls
 c - a scroll of remove curse
 e - 7 scrolls of blinking
 k - a scroll of teleportation
 m - 2 scrolls of magic mapping
 n - a scroll of fear
 C - 2 scrolls of identify
 E - a scroll of fog
Potions
 a - 2 potions of heal wounds
 d - 7 potions of curing
 i - 2 potions of haste
 t - 2 potions of agility
 u - 2 potions of cancellation
 v - 2 potions of flight
 A - 2 potions of brilliance
 D - 2 potions of ambrosia
Comestibles
 b - 10 bread rations
 f - 4 slices of pizza
 j - 7 meat rations
 q - 10 royal jellies
 w - 9 fruits


   Skills:
 + Level 7.0 Fighting
 + Level 4.6 Armour
 + Level 7.3 Dodging
 - Level 1.1 Stealth
 + Level 6.6 Shields
 + Level 9.4 Unarmed Combat
 + Level 4.9 Invocations


You had 10 spell levels left.
You didn't know any spells.

Dungeon Overview and Level Annotations

Branches:
Dungeon (11/15)            Temple (1/1) D:5            Lair (0/8) D:10
    Orc (0/4) D:10

Altars:
Ashenzari
Cheibriados
Dithmenos
Elyvilon
Fedhas
Gozag
Kikubaaqudgha
Makhleb
Nemelex Xobeh
Okawaru
Qazlal
Ru
Sif Muna
Trog
Vehumet
Xom
Yredelemnul
Zin
The Shining One
Beogh

Shops:
D:4 [   D:5 ?


Innate Abilities, Weirdness & Mutations

You are too large for most types of armour.
You have claws for hands.
Your metabolism is lightning-fast.
You like to eat raw meat.
You heal very quickly.
You are covered in fur (AC +1).
You have very tough skin (AC +2).
You have a pair of small antennae on your head.
You are partially covered in iridescent scales (AC +4).
You tend to lose your temper in combat.
Scrolls take you a little longer to read.
Your mind is acute. (Int +2)


Message History

The 16-headed hydra misses you.
You closely miss the wolf.
The wolf is heavily wounded.
The wolf is engulfed in freezing vapours.
You block the wolf's attack. You block the 16-headed hydra's attack.
The 16-headed hydra bites you but does no damage.
You block the 16-headed hydra's attack. The 16-headed hydra bites you!
* * * LOW HITPOINT WARNING * * *
The 16-headed hydra bites you but does no damage.
You block the 16-headed hydra's attack. The 16-headed hydra bites you.
* * * LOW HITPOINT WARNING * * *
The 16-headed hydra bites you.
* * * LOW HITPOINT WARNING * * *
The 16-headed hydra bites you but does no damage.
The 16-headed hydra barely misses you. You block the 16-headed hydra's attack.
The 16-headed hydra bites you but does no damage.
The 16-headed hydra bites you.
* * * LOW HITPOINT WARNING * * *
You block the 16-headed hydra's attack. The 16-headed hydra bites you!
You die...

#...# #
#...#
.#
#...#
.#
#...#..
#...#h
#§.§.{
#.hD#
#..@#
#†.[#
#.§.#
#...#
#...#
#..<#
#...#
#...#
#...#


You could see a 16-headed hydra and 2 wolves.

Vanquished Creatures
  Fannar (D:10)
  A troll (D:10)
  Grinder (D:6)
  Prince Ribbit (D:6)
  2 two-headed ogres
  Sigmund (D:3)
  A hungry ghost (D:8)
  4 basilisks (D:10)
  7 yaks
  A hippogriff (D:8)
  2 soldier ants (D:9)
  4 sky beasts
  5 orc warriors
  2 wolves (D:11)
  4 porcupines (D:10)
  Duvessa (D:5)
  A spider (D:9)
  3 eyes of draining
  An ice beast (D:7)
  4 centaurs
  A black bear (D:7)
  A necrophage (D:8)
  5 ogres
  A phantom (D:5)
  3 crocodiles (D:10)
  4 big kobolds
  A wyvern zombie (D:6)
  A gnoll sergeant (D:10)
  A jelly (D:6)
  3 scorpions
  8 giant frogs
  3 killer bees (D:8)
  Dowan (D:5)
  An electric eel (D:9)
  3 hounds
  A centaur zombie (D:7)
  A giant frog zombie (D:5)
  8 orc priests
  8 orc wizards
  3 centaur skeletons
  4 crimson imps
  Crazy Yiuf (D:3)
  Ijyb (D:3)
  A giant frog skeleton (D:5)
  10 worker ants
  3 iguanas (D:4)
  5 sheep (D:10)
  A hound zombie (D:5)
  19 gnolls
  16 adders
  3 shadow imps
  4 river rats
  2 oozes
  3 adder skeletons
  3 worms
  8 giant geckos
  43 orcs
  7 bats
  7 giant cockroaches
  11 goblins
  6 hobgoblins
  2 quokkas
  4 ball pythons
  5 giant newts
  15 kobolds
  A quokka skeleton (D:9)
  12 rats
  A bush (D:10)
  2 plants
305 creatures vanquished.

Vanquished Creatures (others)
  An orc wizard (D:5)
  A bush (D:10)
  A fungus (D:10)
  2 plants (D:10)
5 creatures vanquished.

Grand Total: 310 creatures vanquished

Notes
Turn   | Place    | Note
--------------------------------------------------------------
     0 | D:1      | TruthSerum the Troll Monk began the quest for the Orb.
     0 | D:1      | Reached XP level 1. HP: 22/22 MP: 0/0
    93 | D:1      | Reached XP level 2. HP: 29/29 MP: 1/1
   893 | D:2      | Reached XP level 3. HP: 36/36 MP: 2/2
  1028 | D:2      | Found an opulent altar of Gozag.
  1319 | D:2      | Reached XP level 4. HP: 44/44 MP: 3/3
  1566 | D:3      | Noticed Crazy Yiuf
  1574 | D:3      | Killed Crazy Yiuf
  1574 | D:3      | Reached skill level 1 in Shields
  1689 | D:3      | Noticed Sigmund
  1694 | D:3      | Reached XP level 5. HP: 47/53 MP: 4/4
  1725 | D:3      | Killed Sigmund
  1725 | D:3      | Reached skill level 5 in Unarmed Combat
  1725 | D:3      | Reached XP level 6. HP: 21/61 MP: 5/5
  1883 | D:3      | Noticed Ijyb
  1896 | D:3      | Killed Ijyb
  2265 | D:3      | Found a bloodstained altar of Trog.
  2265 | D:3      | Noticed an eye of draining
  2266 | D:3      | Noticed an eye of draining
  2279 | D:3      | Killed an eye of draining
  2283 | D:3      | Killed an eye of draining
  2283 | D:3      | Reached XP level 7. HP: 65/68 MP: 0/6
  2414 | D:4      | Found Kexaig's Armour Shoppe.
  2470 | D:4      | Found a deep blue altar of Sif Muna.
  2505 | D:4      | Bought a +0 large shield of protection for 126 gold pieces
  2644 | D:4      | Reached skill level 6 in Unarmed Combat
  2993 | D:3      | Found a shimmering altar of Xom.
  3014 | D:5      | Entered Level 5 of the Dungeon
  3046 | D:5      | Found a glowing drain.
  3080 | Sewer    | Entered a sewer
  3383 | D:5      | Reached XP level 8. HP: 78/78 MP: 7/7
  3403 | D:5      | Noticed Duvessa
  3406 | D:5      | Noticed Dowan
  3411 | D:5      | Killed Dowan
  3424 | D:5      | Killed Duvessa
  3439 | D:5      | Found a staircase to the Ecumenical Temple.
  3456 | Temple   | Entered the Ecumenical Temple
  3696 | Temple   | Became a worshipper of Qazlal Stormbringer
  3696 | Temple   | Reached * piety under Qazlal
  3696 | Temple   | Reached ** piety under Qazlal
  3828 | D:5      | Found Onamniab's Magic Scroll Emporium.
  3869 | D:5      | Reached skill level 5 in Dodging
  4227 | D:5      | Reached skill level 7 in Unarmed Combat
  4471 | D:5      | Reached skill level 5 in Fighting
  4757 | D:6      | Reached XP level 9. HP: 73/88 MP: 8/8
  4867 | D:6      | Found a blossoming altar of Fedhas.
  4928 | D:6      | Reached skill level 1 in Armour
  4928 | D:6      | Reached skill level 1 in Invocations
  4977 | D:6      | Noticed Prince Ribbit
  4995 | D:6      | Killed Prince Ribbit
  4995 | D:6      | Reached skill level 5 in Shields
  5094 | D:6      | Reached *** piety under Qazlal
  5102 | D:6      | Got a wavering turquoise ring
  5103 | D:6      | Identified the ring of Paodoagg {+Inv +Fly rC+ Int+2} (You found it on level 6 of the Dungeon)
  5190 | D:6      | Noticed Grinder
  5199 | D:6      | Paralysed by Grinder for 6 turns
  5210 | D:6      | Killed Grinder
  5365 | D:6      | Found a white marble altar of Elyvilon.
  5383 | D:6      | Found a shadowy altar of Dithmenos.
  5433 | D:6      | Found a sacrificial altar of Ru.
  5531 | D:6      | Gained mutation: You have a pair of small antennae on your head. [potion of mutation]
  5531 | D:6      | Gained mutation: You are partially covered in iridescent scales (AC +4). [potion of mutation]
  5613 | D:7      | Gained mutation: You tend to lose your temper in combat. [potion of mutation]
  5613 | D:7      | Gained mutation: Scrolls take you a little longer to read. [potion of mutation]
  5738 | D:7      | Reached skill level 8 in Unarmed Combat
  5948 | D:7      | Found a radiant altar of Vehumet.
  5951 | D:7      | Reached XP level 10. HP: 98/98 MP: 11/11
  5983 | D:7      | You fall through a shaft for 3 floors!
  5983 | D:10     | Entered Level 10 of the Dungeon
  5983 | D:10     | Found a staircase to the Lair.
  6221 | D:10     | Reached **** piety under Qazlal
  6260 | D:10     | Noticed Fannar
  6288 | D:10     | Killed Fannar
  6409 | D:10     | Reached skill level 9 in Unarmed Combat
  6679 | D:10     | Found a staircase to the Orcish Mines.
  6695 | D:10     | Found a roughly hewn altar of Beogh.
  6850 | D:9      | Reached XP level 11. HP: 95/107 MP: 6/13
  7449 | D:8      | Reached ***** piety under Qazlal
  7490 | D:8      | Gained mutation: Your mind is acute. (Int +2) [mutagenic meat]
  7556 | D:8      | Identified a scroll of acquirement
  7556 | D:8      | Got a distressingly furry cloak
  7567 | D:8      | Identified the +2 cloak of the Hanged Man {+Fly Dex+6} (You acquired it on level 8 of the Dungeon)
  8522 | D:11     | Noticed a five-headed hydra
  8543 | D:11     | HP: 7/163 [16-headed hydra (3)]
  8543 | D:11     | HP: 2/163 [16-headed hydra (5)]
  8543 | D:11     | Mangled by a 16-headed hydra

Action                   |  1- 3 |  4- 6 |  7- 9 | 10-12 || total
-------------------------+-------+-------+-------+-------++-------
Melee: Unarmed           |    87 |   120 |   388 |   393 ||   988
  Use: Scroll            |       |       |    23 |     5 ||    28
       Potion            |       |       |     2 |     4 ||     6
 Stab: Sleeping          |     3 |     1 |     1 |       ||     5
  Eat: Chunk             |    17 |     9 |    35 |    25 ||    86
